 Dungeon Crawl Stone Soup version 0.23.0 (webtiles) character file.

Game seed: 9888938039829160397

5579 grindst0ne the Fighter (level 10, -5/82 HPs)
             Began as a Mummy Fighter on Feb 14, 2019.
             Was an Initiate of Gozag.
             Shot with a bolt by an orc warrior (8 damage)
             ... in a bailey.
             The game lasted 00:18:15 (7808 turns).

grindst0ne the Fighter (Mummy Fighter)              Turns: 7808, Time: 00:18:16

Health: -5/82      AC: 17    Str: 24    XL:     10   Next: 44%
Magic:  10/10      EV: 10    Int:  7    God:    Gozag
Gold:   382        SH: 15    Dex: 11    Spells: 9/9 levels left

rFire    . . .     SeeInvis .   k - +2 war axe (venom)
rCold    + . .     Gourm    .   c - +0 shield
rNeg     + + +     Faith    .   u - +0 plate armour
rPois    ∞         Spirit   .   p - +0 helmet
rElec    .         Reflect  +   (no cloak)
rCorr    .         Harm     .   d - +0 pair of gloves
MR       +....                  n - +0 pair of boots
Stlth    ..........             t - +4 amulet of reflection
HPRegen  0.23/turn              v - +5 ring of evasion
MPRegen  0.12/turn              s - ring of protection from fire

@: no status effects
A: no food or potions, fire vulnerability, cold resistance 1, negative energy
resistance 3, torment resistance, unbreathing
a: Potion Petition, Call Merchant, Bribe Branch, Renounce Religion


You were in a bailey.
You worshipped Gozag.
Gozag was aware of your devotion.
You were not hungry.

You visited 2 branches of the dungeon, and saw 9 of its levels.
You also visited: Bailey.

You collected 675 gold pieces.
You spent 162 gold pieces at shops.
You paid 131 gold pieces to Gozag.

Inventory:

Hand Weapons
 a - a +0 war axe
 k - a +2 war axe of venom (weapon)
 m - a +1 mace of protection
Missiles
 l - 3 tomahawks (quivered)
Armour
 b - a +0 scale mail
 c - a +0 shield (worn)
 d - a +0 pair of gloves (worn)
 i - a +0 chain mail
 n - a +0 pair of boots (worn)
 p - a +0 helmet (worn)
 u - a +0 plate armour (worn)
Jewellery
 o - an uncursed ring of wizardry
 s - a ring of protection from fire (right hand)
 t - a +4 amulet of reflection (around neck)
 v - a +5 ring of evasion (left hand)
Wands
 r - a wand of digging (5)
Scrolls
 e - 5 scrolls of identify
 f - 7 scrolls of remove curse
 g - a scroll of fear {unknown}
 h - 2 scrolls of magic mapping
 j - 2 scrolls of enchant armour
 q - 2 scrolls of teleportation


   Skills:
 + Level 8.4 Fighting
 + Level 6.7 Axes
 + Level 7.0 Armour
 + Level 7.1 Shields


You had 9 spell levels left.
You didn't know any spells.
Your spell library was empty.

Dungeon Overview and Level Annotations

Branches:
Dungeon (8/15)             Temple (1/1) D:4
   Lair: D:8-11

Altars:
Ashenzari
Cheibriados
Dithmenos
Elyvilon
Fedhas
Gozag
Hepliaklqana
Kikubaaqudgha
Makhleb
Nemelex Xobeh
Okawaru
Ru
Trog
Uskayaw
Vehumet
Xom
Yredelemnul
Zin
The Shining One

Shops:
D:5 *((((}

Annotations:
D:6 2 runed translucent doors, p0werm0de's ghost, novice BaCK
D:7 1 runed translucent door


Innate Abilities, Weirdness & Mutations

You do not eat or drink.
Your flesh is vulnerable to fire.
You are immune to poison.
Your flesh is cold resistant. (rC+)
You are immune to negative energy. (rN+++)
You are immune to unholy pain and torment.
You can survive without breathing.


Message History

You barely miss the orc warrior. The orc warrior barely misses you.
You slash the orc warrior!
The orc warrior is poisoned.
The orc warrior is moderately wounded.
You feel a little less agile now. You block the orc warrior's attack.
You closely miss the orc warrior.
The orc warrior is heavily wounded.
The orc warrior hits you with a cursed +0 arbalest!
* * * LOW HITPOINT WARNING * * *
Okay, then.
There is an empty arch of ancient stone, spattered with blood here.
Things that are here:
6 gold pieces; a +0 bardiche; a +0 plate armour The orc warrior shoots a bolt.
The bolt hits you.
* * * LOW HITPOINT WARNING * * *
There is a gate leading back out of this place, spattered with blood here.
You see here a bolt.
The orc warrior shoots a bolt.
The bolt hits you!
You die...
Your body crumbles into a pile of gold.

##### ##∩## #####
.....##...##.....
.≈≈≈..#...#..≈≈≈.
≈≈o≈≈.......≈≈o≈≈
≈.oo≈.......≈oo.≈
≈≈o≈≈.o.....≈≈o≈≈
#$$$# #.$$# ##@##
##.# ###


You could see an orc warrior.

Vanquished Creatures
  An unseen horror (D:7)
  Pikel (D:7)
  An orc knight (Bailey)
  Grinder (D:5)
  A hippogriff (D:8)
  Eustachio (D:6)
  Menkaure (D:6)
  Edmund (D:6)
  2 water moccasins (D:5)
  6 orc warriors
  2 sky beasts
  A slave (D:7)
  5 ogres
  3 centaurs
  A big kobold (D:8)
  2 bullfrogs (D:7)
  2 scorpions (D:6)
  A wyvern skeleton (D:7)
  3 wights (D:6)
  3 howler monkeys
  A crimson imp (D:8)
  3 hounds
  3 centaur zombies
  2 jellies
  A bullfrog skeleton (D:8)
  3 iguanas
  7 orc wizards
  4 worker ants
  A hound skeleton (D:7)
  Robin (D:4)
  8 gnolls
  16 adders
  4 shadow imps
  2 oozes
  An adder zombie (D:8)
  A worm (D:3)
  5 dart slugs
  A leopard gecko (D:2)
  28 orcs
  A bat zombie (D:5)
  4 giant cockroaches
  22 goblins
  9 hobgoblins
  2 jackals (D:3)
  3 quokkas
  5 ball pythons
  8 bats
  7 frilled lizards
  7 kobolds
  9 rats
  2 rat zombies (D:5)
210 creatures vanquished.

Vanquished Creatures (others)
  An unseen horror (D:7)
  2 centaurs (D:7)
  A bullfrog skeleton (D:7)
  An adder (D:7)
5 creatures vanquished.

Grand Total: 215 creatures vanquished

Notes
Turn   | Place    | Note
-------+----------+-------------------------------------------
     0 | D:1      | grindst0ne the Mummy Fighter began the quest for the Orb.
     0 | D:1      | Reached XP level 1. HP: 18/18 MP: 1/1
   162 | D:1      | Reached XP level 2. HP: 24/24 MP: 2/2
   512 | D:1      | Reached XP level 3. HP: 28/29 MP: 3/3
  1031 | D:2      | Found a hide-covered altar of Uskayaw.
  1234 | D:3      | Reached XP level 4. HP: 35/35 MP: 4/4
  1681 | D:3      | Found a faded altar of an unknown god.
  1695 | D:3      | Reached XP level 5. HP: 41/42 MP: 5/5
  1793 | D:3      | Reached skill level 4 in Fighting
  2275 | D:3      | Reached XP level 6. HP: 46/48 MP: 6/6
  2786 | D:4      | Noticed Robin
  2793 | D:4      | Killed Robin
  2890 | D:4      | Found a staircase to the Ecumenical Temple.
  2932 | Temple   | Entered the Ecumenical Temple
  3494 | D:5      | Entered Level 5 of the Dungeon
  3533 | D:5      | Found Laskuh's Serpentskin Sales.
  3533 | D:5      | Noticed a water moccasin
  3533 | D:5      | Noticed a water moccasin
  3561 | D:5      | Killed a water moccasin
  3666 | D:5      | Reached XP level 7. HP: 20/55 MP: 7/7
  3885 | D:5      | Noticed Grinder
  3906 | D:5      | Paralysed by Grinder for 7 turns
  3922 | D:5      | Paralysed by Grinder for 4 turns
  3936 | D:5      | HP: 1/55 [Grinder (6)]
  3938 | D:5      | Killed Grinder
  3938 | D:5      | Reached skill level 5 in Fighting
  4315 | D:5      | Found an ancient bone altar of Kikubaaqudgha.
  4361 | D:5      | Bought a +2 war axe of venom for 162 gold pieces
  4379 | D:5      | Found Biab's Weapon Shoppe.
  4394 | D:5      | Found Abbe Suo's Antique Weapon Shoppe.
  4394 | D:5      | Found a burning altar of Makhleb.
  4431 | D:5      | Found Teqyim's Gadget Boutique.
  4464 | D:5      | Found Jodyast's Weapon Boutique.
  4486 | D:5      | Reached XP level 8. HP: 52/63 MP: 8/8
  4628 | D:5      | Found Lanny's Weapon Boutique.
  5050 | D:6      | Found a white marble altar of Elyvilon.
  5071 | D:6      | Found a snail-covered altar of Cheibriados.
  5074 | D:6      | Reached skill level 5 in Shields
  5077 | D:6      | Reached skill level 6 in Fighting
  5077 | D:6      | Reached skill level 5 in Armour
  5122 | D:6      | Found a runed translucent door.
  5180 | D:6      | Found a runed translucent door.
  5187 | D:6      | Noticed p0werm0de's ghost (novice BaCK)
  5303 | D:6      | Noticed Eustachio
  5324 | D:6      | Killed Eustachio
  5429 | D:6      | Noticed Menkaure
  5440 | D:6      | Killed Menkaure
  5440 | D:6      | Reached skill level 5 in Axes
  5599 | D:6      | Reached XP level 9. HP: 71/71 MP: 9/9
  6005 | D:6      | Noticed Edmund
  6021 | D:6      | Killed Edmund
  6695 | D:7      | Reached skill level 7 in Fighting
  6851 | D:7      | Found a sparkling altar of Nemelex Xobeh.
  6852 | D:7      | Found an opulent altar of Gozag.
  6860 | D:7      | Became a worshipper of Gozag Ym Sagoz the Greedy
  7010 | D:7      | Noticed Pikel
  7022 | D:7      | Killed Pikel
  7080 | D:7      | Found a glowing golden altar of the Shining One.
  7118 | D:7      | Found a shattered altar of Ashenzari.
  7179 | D:7      | Found a runed translucent door.
  7190 | D:7      | Killed an unseen horror
  7190 | D:7      | Reached XP level 10. HP: 53/80 MP: 10/10
  7336 | D:7      | Noticed a cyclops
  7336 | D:7      | Noticed a cyclops
  7347 | D:7      | Killed an unseen horror
  7444 | D:8      | Reached skill level 8 in Fighting
  7499 | D:8      | Found a hazy altar of Hepliaklqana.
  7713 | D:8      | Found a flagged portal.
  7718 | Bailey   | Entered a bailey
  7718 | Bailey   | Noticed an orc knight
  7718 | Bailey   | Noticed an orc knight
  7719 | Bailey   | Noticed an orc knight
  7749 | Bailey   | Noticed an orc knight
  7759 | Bailey   | Killed an orc knight
  7807 | Bailey   | HP: 3/82 [orc warrior/bolt (3)]
  7808 | Bailey   | Shot with a bolt by an orc warrior

Skill      XL: |  1  2  3  4  5  6  7  8  9 10 |
---------------+-------------------------------+-----
Axes           | 2 3 4 5 6 |  6.7
Armour         | 3 4 5 6 7 |  7.0
Shields        | 3 4 5 6 7 |  7.1
Fighting       | 4 5 6 7 8 |  8.4

Action                   |  1- 3 |  4- 6 |  7- 9 | 10-12 || total
-------------------------+-------+-------+-------+-------++-------
Melee: War axe           |   141 |    57 |   219 |   106 ||   523
       Mace              |       |   334 |    49 |       ||   383
Throw: Tomahawk          |       |     2 |     1 |       ||     3
Invok: Potion Petition   |       |       |       |     1 ||     1
Evoke: Wand              |       |       |       |     1 ||     1
  Use: Scroll            |       |     8 |       |       ||     8
 Stab: Distracted        |       |       |       |     1 ||     1
Armor: Scale mail        |    59 |       |       |       ||    59
       Chain mail        |     5 |   273 |   151 |       ||   429
       Plate armour      |       |       |    14 |    39 ||    53
Dodge: Dodged            |    37 |    72 |    60 |    49 ||   218
Block: Shield            |    80 |   221 |   168 |    99 ||   568
       Reflection        |       |       |     1 |     8 ||     9
